 Dungeon Crawl Stone Soup version 0.26-a0-667-g92642533e4 (webtiles) character file.

Game seed: 6186370572468075599

4070 somkeydreadnuts the Blocker (level 10, -3/83 HPs)
             Began as a Formicid Fighter on Oct 17, 2020.
             Was an Initiate of Dithmenos.
             Slain by an orc warrior
             ... wielding a +0 dire flail
              (20 damage)
             ... on level 8 of the Dungeon on Oct 18, 2020.
             The game lasted 00:39:01 (9236 turns).

somkeydreadnuts the Blocker (Formicid Fighter)      Turns: 9236, Time: 00:39:01

Health: -3/83      AC: 13    Str: 23    XL:     10   Next: 49%
Magic:  10/10      EV: 16    Int:  9    God:    Dithmenos [......]
Gold:   949        SH: 23    Dex: 10    Spells: 9/9 levels left

rFire    . . .     SeeInvis +   s - +2 flail (protect)
rCold    . . .     Faith    .   u - +0 tower shield
rNeg     . . .     Spirit   .   D - +5 scale mail of Inevitability {Rampage +Inv rElec MR+}
rPois    .         Reflect  +   (helmet unavailable)
rElec    +         Harm     .   (no cloak)
rCorr    .         Rampage  +   (no gloves)
MR       ++...                  (no boots)
Stlth    ..........             n - amulet of reflection
HPRegen  0.23/turn              o - +4 ring of evasion
MPRegen  0.12/turn              e - +4 ring of evasion

@: mighty
A: permanent stasis, dig shafts and tunnels, four strong arms, antennae 3
a: Dig, Shaft Self, Renounce Religion, Evoke Invisibility


You were on level 8 of the Dungeon.
You worshipped Dithmenos.
Dithmenos was noncommittal.
You visited 2 branches of the dungeon, and saw 9 of its levels.

You collected 1022 gold pieces.
You paid 73 gold pieces to Gozag.

Inventory:

Hand Weapons
 a - a +1 war axe
 s - a +2 flail of protection (weapon)
 B - a +0 battleaxe
Armour
 q - the cursed +1 robe "Eworch" {rN++}
   (You found it on level 6 of the Dungeon)

   It greatly protects you from negative energy.
   It has a curse placed upon it.
 u - a +0 tower shield (worn)
 C - a +0 plate armour
 D - the +5 scale mail of Inevitability (worn) {Rampage +Inv rElec MR+}
   (You found it on level 7 of the Dungeon)

   It insulates you from electricity.
   It affects your resistance to hostile enchantments.
   It lets you turn invisible.
   It bestows one free step when moving towards enemies.
Jewellery
 e - a +4 ring of evasion (right hand)
 n - an amulet of reflection (around neck)
 o - a +4 ring of evasion (left hand)
Wands
 b - a wand of digging (11)
 f - a wand of polymorph (20)
Scrolls
 c - a scroll of magic mapping {unknown}
 h - a scroll of torment {unknown}
 j - 6 scrolls of identify
 k - a scroll of amnesia
 l - 5 scrolls of remove curse
 t - 4 scrolls of enchant weapon
 v - 3 scrolls of immolation {unknown}
 w - a scroll of vulnerability {unknown}
 y - 3 scrolls of fog {unknown}
Potions
 d - 4 potions of might
 g - 4 potions of heal wounds {unknown}
 i - 2 potions of stabbing
 m - a potion of brilliance
 p - a potion of flight {unknown}
 r - 2 potions of cancellation
 x - 2 potions of magic {unknown}
 z - 2 potions of curing
 A - a potion of lignification {unknown}


   Skills:
 + Level 9.0 Fighting
 - Level 2.0(3.8) Axes
 + Level 5.2(5.4) Maces & Flails
 - Level 8.1 Armour
 - Level 0.3 Stealth
 - Level 11.1 Shields


You had 9 spell levels left.
You didn't know any spells.
Your spell library was empty.

Dungeon Overview and Level Annotations

Branches:
Dungeon (8/15)             Temple (1/1) D:5
   Lair: D:8-11

Altars:
Ashenzari
Dithmenos
Elyvilon
Fedhas
Gozag
Hepliaklqana
Kikubaaqudgha
Makhleb
Nemelex Xobeh
Okawaru
Qazlal
Ru
Sif Muna
Trog
Uskayaw
Vehumet
Wu Jian
Xom
Yredelemnul
Zin
The Shining One


Innate Abilities, Weirdness & Mutations

You cannot be hasted, slowed, berserked, paralysed or teleported.
You can dig through walls and to a lower floor.
Your four strong arms can wield two-handed weapons with a shield.
You have a pair of large antennae on your head. (SInv)


Message History

You block the orc priest's attack. The orc warrior completely misses you.
You closely miss the orc priest. You block the orc's attack.
The orc warrior closely misses you. The orc priest barely misses you.
You block the orc's attack. The orc warrior closely misses you.
You closely miss the orc priest. You block the orc priest's attack.
You block the orc's attack.
The orc warrior hits you with a +0 dire flail!
The orc priest misses you.
You feel very mighty all of a sudden. You block the orc's attack.
The orc warrior hits you with a +0 dire flail!!
* * * LOW HITPOINT WARNING * * *
You block the orc's attack. The orc priest barely misses you.
You block the orc warrior's attack.
You closely miss the orc priest. You block the orc warrior's attack.
You block the orc's attack.
The orc priest looks encouraged for a moment.
Your shield prevents you from hitting the orc priest.
The orc warrior hits you with a +0 dire flail!!
You die...

..o.... .o$o... #
#...... .. #......
... #...... ....
#...... .!...
#......#####......
#...oo@).......
#....oo........
+..............
#..............
#.(............
.......####+####
........+
........#


You could see an orc warrior (berserk, incited), an orc priest and 2 orcs.

Vanquished Creatures
  Maggie (D:6)
  Grinder (D:3)
  Sigmund (D:3)
  Edmund (D:6)
  A water moccasin (D:5)
  2 orc warriors
  Purgy (D:3)
  3 ice beasts
  2 phantoms (D:6)
  The ghost of miscthings the Chopper, an amateur PaDe (D:4)
  The ghost of Alcibiades the Chopper, an amateur HOFi (D:3)
  5 ogres
  3 centaurs
  6 bullfrogs
  A killer bee (D:4)
  2 howler monkeys (D:5)
  4 wights (D:6)
  A bullfrog zombie (D:5)
  2 jellies
  A centaur skeleton (D:5)
  3 hounds
  Crazy Yiuf (D:5)
  2 orc priests
  7 orc wizards
  5 worker ants
  A hound skeleton (D:4)
  Robin (D:4)
  2 howler monkey zombies (D:5)
  3 gnolls (D:3)
  8 adders
  A shadow imp (D:5)
  A white imp (D:5)
  3 ufetubi
  An ooze (D:3)
  An adder skeleton (D:4)
  2 adder zombies (D:6)
  8 worms
  3 dart slugs
  4 leopard geckos
  23 orcs
  2 ball pythons
  10 bats
  9 giant cockroaches
  18 hobgoblins
  20 jackals
  4 quokkas
  5 frilled lizards
  A giant cockroach zombie (D:6)
  14 goblins
  A jackal skeleton (D:4)
  10 kobolds
  A leopard gecko skeleton (D:4)
  7 rats
222 creatures vanquished.

Notes
Turn   | Place    | Note
-------+----------+-------------------------------------------
     0 | D:1      | somkeydreadnuts the Formicid Fighter began the quest for
                  | the Orb.
     0 | D:1      | Reached XP level 1. HP: 18/18 MP: 1/1
    65 | D:1      | Reached skill level 4 in Shields
    65 | D:1      | Reached XP level 2. HP: 16/24 MP: 2/2
   567 | D:1      | Reached XP level 3. HP: 29/29 MP: 3/3
  1456 | D:2      | Reached XP level 4. HP: 33/35 MP: 4/4
  1816 | D:2      | Reached skill level 5 in Shields
  2048 | D:2      | Reached XP level 5. HP: 35/41 MP: 5/5
  2159 | D:2      | Found a blossoming altar of Fedhas.
  2423 | D:3      | Noticed Purgy
  2437 | D:3      | Noticed Grinder
  2446 | D:3      | Killed Purgy
  2446 | D:3      | Reached skill level 5 in Armour
  2446 | D:3      | Reached skill level 6 in Shields
  2446 | D:3      | Reached XP level 6. HP: 34/47 MP: 6/6
  2490 | D:3      | Killed Grinder
  2490 | D:3      | Reached skill level 7 in Shields
  2490 | D:3      | Reached XP level 7. HP: 15/52 MP: 7/7
  3481 | D:3      | Found a runed translucent gate.
  3481 | D:3      | Found a runed translucent gate.
  3486 | D:3      | Found a runed translucent gate.
  3498 | D:3      | Noticed Alcibiades's ghost (amateur HOFi)
  3541 | D:3      | Killed Alcibiades's ghost
  3541 | D:3      | Reached skill level 8 in Shields
  3778 | D:3      | Noticed Sigmund
  3798 | D:3      | Killed Sigmund
  3798 | D:3      | Reached XP level 8. HP: 56/58 MP: 8/8
  3933 | D:4      | Reached skill level 9 in Shields
  4076 | D:4      | Noticed miscthings's ghost (amateur PaDe)
  4085 | D:4      | Found a runed translucent gate.
  4085 | D:4      | Found a runed translucent gate.
  4085 | D:4      | Found a runed translucent gate.
  4160 | D:4      | Killed miscthings's ghost
  4350 | D:4      | Identified the cursed +0 helmet of Joclesiff {*Slow rC+
                  | Regen+}
  4350 | D:4      | Noticed Robin
  4391 | D:4      | Killed Robin
  5014 | D:5      | Entered Level 5 of the Dungeon
  5030 | D:5      | Reached skill level 10 in Shields
  5176 | D:5      | Found a staircase to the Ecumenical Temple.
  5220 | Temple   | Entered the Ecumenical Temple
  5596 | Temple   | Became a worshipper of Gozag Ym Sagoz the Greedy
  5754 | D:5      | Reached XP level 9. HP: 61/64 MP: 9/9
  5861 | D:5      | Reached skill level 11 in Shields
  6524 | D:5      | Found a runed translucent door.
  6525 | D:5      | Noticed Crazy Yiuf
  6536 | D:5      | Killed Crazy Yiuf
  6723 | D:6      | Noticed Maggie
  6738 | D:6      | Reached skill level 5 in Fighting
  6756 | D:6      | Killed Maggie
  7001 | D:6      | Got a thick robe
  7002 | D:6      | Identified the cursed +1 robe "Eworch" {rN++} (You found it
                  | on level 6 of the Dungeon)
  7150 | D:6      | Found a hazy altar of Hepliaklqana.
  7182 | D:6      | Found a sparkling altar of Nemelex Xobeh.
  7483 | D:6      | Noticed Edmund
  7501 | D:6      | Killed Edmund
  7501 | D:6      | Reached XP level 10. HP: 80/80 MP: 10/10
  7792 | D:6      | Reached skill level 1 in Maces & Flails
  8273 | D:7      | Got an ichor-stained scale mail
  8274 | D:7      | Identified the +5 scale mail of Inevitability {Rampage +Inv
                  | rElec MR+} (You found it on level 7 of the Dungeon)
  8699 | D:7      | Reached skill level 5 in Maces & Flails
  8910 | D:7      | Found a basalt altar of Yredelemnul.
  8912 | D:7      | Found a blossoming altar of Fedhas.
  8913 | D:7      | Found a burning altar of Makhleb.
  8919 | D:7      | Found a white marble altar of Elyvilon.
  8928 | D:7      | Found a shimmering blue altar of Sif Muna.
  8933 | D:7      | Found a shadowy altar of Dithmenos.
  8957 | D:7      | Fell from the grace of Gozag
  8957 | D:7      | Became a worshipper of Dithmenos the Shadowed
  9236 | D:8      | Slain by an orc warrior

Illustrated notes

Levels and vault maps discovered:
D:1:      lemuel_arrival_tunnels, layout_loops_corners, minmay_tetromino_o2
D:2:      layout_loops_corners, fedhas_altar_4
D:3:      layout_loops_cross, gammafunk_ghost_split, uniq_grinder, uniq_sigmund,
          uniq_purgy
D:4:      layout_basic, gammafunk_ghost_split, uniq_robin
D:5:      layout_basic, minmay_temple_entry_butterflies, moated_statue,
          uniq_crazy_yiuf_cottage
D:6:      layout_basic, nicolae_overflow_hidden_temple, mrwooster_statue_mirror,
          uniq_edmund, uniq_maggie
D:7:      layout_loops_ring, minitemple, minmay_chambers_of_fives
D:8:      layout_gridville, cheibrodos_worm_habitat, uniq_joseph, uniq_maurice
Temple:   nicolae_temple_figure_eight

Skill      XL: |  1  2  3  4  5  6  7  8  9 10 |
---------------+-------------------------------+-----
Shields        | 4 5 6 7 8 10 11 | 11.1
Armour         | 4 5 6 7 8 |  8.1
Fighting       | 8 9 |  9.0
Maces & Flails | 5 |  5.2
Axes           | |  2.0
Stealth        | |  0.3

Action                   |  1- 3 |  4- 6 |  7- 9 | 10-12 || total
-------------------------+-------+-------+-------+-------++-------
Melee: War axe           |   102 |   143 |   575 |       ||   820
       Battleaxe         |       |       |    48 |       ||    48
       Flail             |       |       |       |   226 ||   226
 Abil: Dig               |       |       |     2 |     2 ||     4
  Use: Scroll            |       |       |     9 |     2 ||    11
       Potion            |       |       |     2 |     4 ||     6
 Stab: Distracted        |       |       |       |     1 ||     1
Armor: Scale mail        |    58 |    23 |       |    12 ||    93
       Plate armour      |       |    26 |   137 |       ||   163
       Steam dragon scal |       |       |       |    25 ||    25
Dodge: Dodged            |    46 |    48 |   118 |   112 ||   324
Block: Kite shield       |    70 |   123 |    24 |       ||   217
       Reflection        |       |     6 |     5 |     5 ||    16
       Tower shield      |       |       |   718 |   312 ||  1030

Table legend: (Time is in decaauts)
 A = Elapsed time spent in this place.
 B = Non-inter-level travel time spent in this place.
 C = Inter-level travel time spent in this place.
 D = Time resting spent in this place.
 E = Time spent auto-exploring this place.
 F = Levels seen in this place.
 G = Mean time per level.
                   A        B        C        D        E       F      G
               +--------+--------+--------+--------+--------+-----+--------+
         Total |   9710 |   9448 |    262 |      0 |   5212 |   9 | 1078.9 |
       Dungeon |   9250 |   8988 |    262 |      0 |   5071 |   8 | 1156.2 |
        Temple |    459 |    459 |      0 |      0 |    141 |   1 |  459.0 |
               +--------+--------+--------+--------+--------+-----+--------+

Top non-repeatable levels by time:
     D:3: 1638 daAuts
     D:6: 1606 daAuts
     D:5: 1281 daAuts
     D:2: 1232 daAuts
     D:1: 1227 daAuts
     D:4: 1183 daAuts
     D:7: 1052 daAuts
  Temple: 459 daAuts
     D:8: 28 daAuts
